 Dungeon Crawl Stone Soup version 0.23.2-1-ga50397a (webtiles) character file.

Game seed: 6303850936777717447

2213 doot the Thaumaturge (level 9, -2/47 HPs)
             Began as a Deep Elf Fire Elementalist on May 13, 2019.
             Was a Believer of Vehumet.
             Slain by a porcupine (7 damage)
             ... on level 8 of the Dungeon.
             The game lasted 00:24:50 (7888 turns).

doot the Thaumaturge (Deep Elf Fire Elementalist)   Turns: 7888, Time: 00:24:51

Health: -2/47      AC:  6    Str:  5    XL:     9   Next: 13%
Magic:  21/24      EV: 14    Int: 24    God:    Vehumet [**....]
Gold:   562        SH:  3    Dex: 15    Spells: 6/27 levels left

rFire    + . .     SeeInvis .   t - +1 dagger (speed)
rCold    x . .     Gourm    .   (no shield)
rNeg     . . .     Faith    .   a - +1 robe
rPois    .         Spirit   .   (no helmet)
rElec    .         Reflect  +   (no cloak)
rCorr    .         Harm     .   (no gloves)
MR       .....                  n - +2 pair of boots {Stlth+}
Stlth    ++++......             q - +3 amulet of reflection
HPRegen  0.15/turn              h - ring of fire
MPRegen  0.19/turn              v - +3 ring of slaying

@: marked
A: no striking features
a: Renounce Religion


You were on level 8 of the Dungeon.
You worshipped Vehumet.
Vehumet was pleased with you.
You were not hungry.

You visited 1 branch of the dungeon, and saw 8 of its levels.
You also visited: Ossuary.

You collected 562 gold pieces.

Inventory:

Hand Weapons
 p - a +0 trident of protection
 r - a +0 spear of venom
 t - a +1 dagger of speed (weapon)
 u - a +1 vampiric falchion
Missiles
 G - a throwing net (quivered)
Armour
 a - a +1 robe (worn)
 n - a +2 pair of boots of stealth (worn)
Jewellery
 h - a ring of fire (left hand)
 q - a +3 amulet of reflection (around neck)
 v - a +3 ring of slaying (right hand)
Wands
 d - a wand of clouds (4)
 f - a wand of acid (8)
Scrolls
 e - 11 scrolls of identify
 j - a scroll of enchant armour
 m - 3 scrolls of enchant weapon {unknown}
 y - 2 scrolls of random uselessness {unknown}
 E - a scroll of blinking {unknown}
 H - a scroll of fog {unknown}
Potions
 b - 4 potions of brilliance {unknown}
 g - a potion of might {unknown}
 i - 3 potions of flight {unknown}
 k - 6 potions of curing
 l - a potion of magic {unknown}
 o - 4 potions of lignification {unknown}
 s - 2 potions of degeneration {unknown}
 w - a potion of berserk rage {unknown}
 x - a potion of invisibility {unknown}
 B - 2 potions of agility {unknown}
 C - a potion of cancellation {unknown}
 F - a potion of mutation {unknown}
 I - a potion of haste {unknown}
Comestibles
 c - 11 rations


   Skills:
 + Level 1.0 Fighting
 + Level 2.0 Short Blades
 + Level 0.9 Throwing
 + Level 3.5 Dodging
 + Level 4.5 Stealth
 + Level 9.8 Spellcasting
 + Level 6.1 Conjurations
 + Level 1.1 Hexes
 + Level 7.6 Fire Magic


You had 6 spell levels left.
You knew the following spells:

 Your Spells              Type           Power        Failure   Level  Hunger
a - Flame Tongue          Conj/Fire      #####        1%          1    None
b - Throw Flame           Conj/Fire      ######       1%          2    None
c - Conjure Flame         Conj/Fire      ######..     1%          3    None
d - Sticky Flame          Conj/Fire      ######..     3%          4    #......
e - Inner Flame           Hex/Fire       #####...     2%          3    None
f - Fireball              Conj/Fire      ######....   9%          5    ####...
g - Confuse               Hex            ###.....     10%         3    None

Your spell library contained the following spells:

 Spells                   Type           Power        Failure   Level  Hunger
 Sandblast                Erth           ##....       5%          1    None
 Corona                   Hex            ###....      3%          1    None
 Dazzling Spray           Conj/Hex       ####..       3%          3    None
 Slow                     Hex            ###.....     4%          2    None
 Beastly Appendage        Tmut           ##....       5%          1    None
 Ensorcelled Hibernation  Hex/Ice        ##....       6%          2    None
 Sticks to Snakes         Tmut           ##......     9%          2    None
 Tukima's Dance           Hex            ###.....     10%         3    None
 Portal Projectile        Hex/Tloc       ##....       13%         3    None
 Spider Form              Tmut/Pois      ##........   16%         3    None
 Cause Fear               Hex            ###.......   32%         4    #......
 Leda's Liquefaction      Hex/Erth       ##........   38%         4    #......
 Ice Form                 Ice/Tmut       ##......     47%         4    #......
 Blade Hands              Tmut           ##........   83%         5    ####...


Dungeon Overview and Level Annotations

Branches:
Dungeon (8/15)             Temple (0/1) D:6
   Lair: D:8-11

Altars:
Gozag
Makhleb
Nemelex Xobeh
Okawaru
Qazlal
Sif Muna
Trog
Vehumet
Wu Jian
Xom
The Shining One

Annotations:
D:7 Harold


Message History

A porcupine comes into view.
You block the bullfrog's attack.
A porcupine comes into view.
The porcupine moves out of view.
A crocodile comes into view.
The bullfrog hits you!
* * * LOW HITPOINT WARNING * * *
The porcupine twitches its whiskers.
A wolf comes into view. x2
Found 11 gold pieces.
The bullfrog barely misses you. You block the bullfrog's attack.
A wolf comes into view.
The worker ant bites you.
* * * LOW HITPOINT WARNING * * *
The bullfrog hits you.
* * * LOW HITPOINT WARNING * * *
There is an escape hatch in the floor here.
The porcupine bites you!
You die...

.....##.......##.....
......#...._.........#
............h.##......
.......$J.....#..##.l.
........h.hlFlr.## ♣Y
#......Oh?.Ot...#
##.......Z..#....#
#......aF...#...O...
..#...@rY..#.......
#....t...#........
##....#.....!..P..
#...............P
##..#.........
#####...$.... ###.....
..


You could see a yak, 2 crocodiles, 2 ogres, 3 wolves, 2 bullfrogs, a howler
monkey, an iguana, 2 porcupines, a jelly, a worker ant, a leopard gecko and a
leopard gecko skeleton.

Vanquished Creatures
  Eustachio (D:6)
  Menkaure (D:4)
  2 ogres
  A centaur (D:5)
  A big kobold (D:7)
  Blork the orc (D:6)
  A bullfrog (D:7)
  A scorpion (D:6)
  An oklob sapling (D:6)
  4 howler monkeys
  4 crimson imps
  A centaur zombie (D:7)
  A bullfrog zombie (D:4)
  2 hounds
  8 orc priests
  An iguana (D:4)
  9 orc wizards
  4 worker ants
  A big kobold zombie (Ossuary)
  A hound zombie (D:7)
  8 mummies (Ossuary)
  4 gnolls (D:3)
  7 adders
  3 shadow imps
  2 oozes (D:2)
  2 worms
  A dart slug (D:2)
  3 leopard geckos
  18 orcs
  2 ball pythons
  10 bats
  6 giant cockroaches
  18 goblins
  4 hobgoblins
  3 jackals (D:2)
  10 kobolds
  3 quokkas
  5 frilled lizards
  A giant cockroach zombie (D:5)
  2 gnoll zombies (Ossuary)
  A hobgoblin zombie (Ossuary)
  3 kobold zombies (Ossuary)
  A leopard gecko skeleton (D:4)
  An orc zombie (Ossuary)
  4 rats
  A plant (D:6)
169 creatures vanquished.

Vanquished Creatures (others)
  A rat (D:3)
1 creature vanquished.

Grand Total: 170 creatures vanquished

Notes
Turn   | Place    | Note
-------+----------+-------------------------------------------
     0 | D:1      | doot the Deep Elf Fire Elementalist began the quest for the
                  | Orb.
     0 | D:1      | Reached XP level 1. HP: 10/10 MP: 6/6
   435 | D:1      | Reached XP level 2. HP: 15/15 MP: 5/8
   520 | D:1      | Learned a level 2 spell: Throw Flame
  1081 | D:2      | Reached XP level 3. HP: 19/19 MP: 4/9
  1090 | D:2      | Learned a level 3 spell: Conjure Flame
  1418 | D:2      | Found a glowing golden altar of the Shining One.
  1671 | D:2      | Reached XP level 4. HP: 24/24 MP: 7/11
  1821 | D:2      | Learned a level 4 spell: Sticky Flame
  1893 | D:2      | Found a bloodstained altar of Trog.
  2055 | D:3      | Reached skill level 4 in Spellcasting
  2224 | D:3      | Reached XP level 5. HP: 15/28 MP: 6/13
  2410 | D:3      | Reached skill level 5 in Fire Magic
  2547 | D:3      | Found an iron altar of Okawaru.
  2901 | D:3      | Found a radiant altar of Vehumet.
  2909 | D:3      | Became a worshipper of Vehumet
  3119 | D:3      | Learned a level 3 spell: Inner Flame
  3223 | D:4      | Reached skill level 5 in Spellcasting
  3351 | D:4      | Reached XP level 6. HP: 27/32 MP: 4/16
  3500 | D:4      | Noticed Menkaure
  3530 | D:4      | Killed Menkaure
  3530 | D:4      | Reached skill level 6 in Spellcasting
  3610 | D:4      | Identified the +1 ring mail of Parlour Games {rElec rPois}
  3629 | D:4      | Reached XP level 7. HP: 36/36 MP: 0/18
  4032 | D:4      | Learned a level 5 spell: Fireball
  4348 | D:5      | Entered Level 5 of the Dungeon
  4405 | D:5      | Reached skill level 7 in Spellcasting
  4501 | D:5      | Found a sand-covered staircase.
  4521 | Ossuary  | Entered an ossuary
  4529 | Ossuary  | Reached * piety under Vehumet
  4529 | Ossuary  | Offered knowledge of Magic Dart by Vehumet.
  5165 | D:5      | Reached XP level 8. HP: 33/41 MP: 16/21
  5173 | D:5      | Learned a level 3 spell: Confuse
  5336 | D:5      | Reached skill level 8 in Spellcasting
  5362 | D:5      | Found a sparkling altar of Nemelex Xobeh.
  5371 | D:5      | Reached skill level 5 in Conjurations
  5465 | D:5      | Found a shimmering altar of Xom.
  5561 | D:5      | Found a stormy altar of Qazlal.
  5872 | D:6      | Noticed Eustachio
  5998 | D:6      | Killed Eustachio
  6154 | D:6      | Noticed Blork the orc
  6168 | D:6      | Killed Blork the orc
  6168 | D:6      | Reached skill level 1 in Short Blades
  6253 | D:6      | Found a staircase to the Ecumenical Temple.
  6493 | D:6      | Found a deep blue altar of Sif Muna.
  6507 | D:6      | Found an ornate altar of the Wu Jian Council.
  6639 | D:7      | Found an opulent altar of Gozag.
  6735 | D:7      | Reached ** piety under Vehumet
  6735 | D:7      | Offered knowledge of Sandblast by Vehumet.
  6747 | D:7      | Reached skill level 1 in Fighting
  6903 | D:7      | Reached skill level 9 in Spellcasting
  7024 | D:7      | Reached skill level 1 in Hexes
  7027 | D:7      | Reached XP level 9. HP: 34/47 MP: 7/24
  7218 | D:7      | Noticed Harold
  7865 | D:8      | Found a burning altar of Makhleb.
  7888 | D:8      | Slain by a porcupine

Skill      XL: |  1  2  3  4  5  6  7  8 |
---------------+-------------------------+-----
Fire Magic     | 4 5 6 7 |  7.6
Stealth        | 3 4 |  4.5
Spellcasting   | 4 5 6 7 9 |  9.8
Conjurations   | 2 3 4 6 |  6.1
Dodging        | 3 |  3.5
Short Blades   | 2 |  2.0
Fighting       | 1 |  1.0
Hexes          | 1 |  1.1
Throwing       | |  0.9

Action                   |  1- 3 |  4- 6 |  7- 9 || total
-------------------------+-------+-------+-------++-------
Melee: Trident           |       |     2 |       ||     2
       Dagger            |       |       |   147 ||   147
Throw: Throwing net      |       |       |     4 ||     4
 Cast: Flame Tongue      |    72 |    69 |   126 ||   267
       Throw Flame       |     1 |     9 |    21 ||    31
       Sticky Flame      |       |     9 |    28 ||    37
       Conjure Flame     |       |     1 |     2 ||     3
       Fireball          |       |       |     6 ||     6
       Inner Flame       |       |       |     1 ||     1
       Confuse           |       |       |     4 ||     4
  Use: Potion            |       |       |     3 ||     3
       Scroll            |       |       |     7 ||     7
 Stab: Held in net/web   |       |       |     1 ||     1
  Eat: Chunk             |     2 |     7 |     6 ||    15
       Ration            |       |       |     3 ||     3
Armor: Robe              |     2 |     6 |    38 ||    46
Dodge: Dodged            |    19 |    18 |    82 ||   119
Block: Other             |       |     3 |    14 ||    17
